[Event "*** SCC Grand Prix: Titled Tuesday Blitz"]
[Site "Chess.com"]
[Date "2020.10.06"]
[Round "4"]
[White "ethylalcohol"]
[Black "Manukyan_Artak"]
[Result "1/2-1/2"]
[WhiteElo "2148"]
[BlackElo "2313"]
[TimeControl "180+1"]
[EndTime "10:39:54 PDT"]
[Termination "Game drawn by repetition"]

1. d4 Nf6 2. Bf4 d5 3. Nf3 Bf5 4. e3 e6 5. Bd3 Bxd3 6. Qxd3 c5 7. O-O Qb6 8. b3 Nc6 9. a3 cxd4 10. exd4 Be7 11. c4 dxc4 12. bxc4 O-O 13. Nc3 Qa6 14. Rfd1 Rfd8 15. Nb5 Ne8 16. Qe4 Na5 17. d5 Nf6 18. Qe2 Rac8 19. Rac1 Nxc4 20. Nc7 Qa4 21. Rxc4 Qxa3 22.
Nb5 Qa6 23. Rxc8 Rxc8 24. dxe6 Qxe6 25. Qxe6 fxe6 26. Nxa7 Rc2 27. Be3 Nd5 28. Bd4 Nf4 29. Kf1 Ne2 30. Be3 Nc3 31. Rd7 Bf6 32. Nd4 Ra2 33. Ne2 Nxe2 34. Nb5 Rb2 35. Rxb7 Nc3 36.
Nd6 Rxb7 37. Nxb7 Kf7 38. Nd6+ Kg6 39. g3 Nd5 40. Ke2 h5 41. Ne4 Be5 42. h4 Nb4 43. Ng5 Kf5 44. f3 Nd5 45. Ne4 Nc3+ 46. Nxc3 Bxc3 47.
Kd3 Be5 48. Bf2 g6 49. Ke3 Bc7 50. f4 Kg4 51. Ke4 Bd6 52. Be1 Bc7 53. Bf2 Bb8 54.
Be1 Bc7 55. Bf2 1/2-1/2

[Event "*** SCC Grand Prix: Titled Tuesday Blitz"]
[Site "Chess.com"]
[Date "2020.10.06"]
[Round "4"]
[White "Chessdreamer2020"]
[Black "topotun"]
[Result "0-1"]
[WhiteElo "2449"]
[BlackElo "2751"]
[TimeControl "180+1"]
[EndTime "10:39:57 PDT"]
[Termination "topotun won by resignation"]

1. e4 c5 2. Nf3 e6 3. b3 b6 4. Bb2 Bb7 5. Qe2 Nc6 6. Nc3 e5 7. Nd5 g6 8. Nxe5 Nd4 9. Bxd4 cxd4 10. Qf3 Bxd5 11. exd5 Qe7 12. Qe2 Nf6 13. d6 Qe6 14. O-O-O Bxd6 15. Nf3 Bc5 16. Re1 O-O 17. Qxe6 dxe6 18.
Kb2 Ng4 19. Re2 d3 20. cxd3 Rad8 21. d4 Bxd4+ 22. Nxd4 Rxd4 23. h3 Nf6 24. g3 Rfd8 25. Kc2 Ne4 26. d3 Rc8+ 27. Kb2 Nc5 28. Rd2 Rcd8 29.
Kc2 Ne4 30. Re2 Rc8+ 31. Kb2 Nc5 32. Re3 Rcd8 33. Kc2 Rc8 34. Kb2 a5 35. Be2 Rcd8 36. Rd1 h5 37. h4 Kg7 38. Kc3 f5 39. a3 Kf6 40. b4 axb4+ 41. axb4 Na4+ 42. Kb3 b5 43. Rc1 R4d6 44. Rc7 Nb6 45. Rb7 Nd5 46. Rf3 Rc8 47.
Rxb5 Nc3 48. Rc5 Nxe2 49. Rxc8 Nd4+ 50. Kc4 Nxf3 51. b5 Ne5+ 52. Kc5 Rxd3 53. b6 Rc3+ 54. Kd6 Rxc8 55. b7 Rb8 56. Kc7 Rxb7+ 57. Kxb7 Nd3 58. f3 Ne1 59. f4 e5 60. fxe5+ Kxe5 61. Kc6 Nd3 62. Kd7 Kf6 63. Kd6 Nf2 64. Kd5 Ne4 65.
Kd4 Nxg3 66. Ke3 Ne4 67. Kf4 Nc5 68. Kf3 Ne6 69. Ke3 Ke5 70. Kf3 f4 71. Kf2 Kf5 72. Ke2 Nd4+ 73. Kf2 Kg4 74. Kg2 Nf5 75. Kh2 Nxh4 76.
Kg1 g5 77. Kf2 f3 78. Kf1 Kg3 79. Kg1 Nf5 80. Kf1 g4 81. Ke1 Kg2 82. Kd2 f2 83.
Kd3 f1=Q+ 84. Ke4 Qf3+ 85. Ke5 Ng3 0-1

[Event "*** SCC Grand Prix: Titled Tuesday Blitz"]
[Site "Chess.com"]
[Date "2020.10.06"]
[Round "4"]
[White "Anton_Demchenko"]
[Black "crazy_but_lazy"]
[Result "1-0"]
[WhiteElo "2830"]
[BlackElo "2557"]
[TimeControl "180+1"]
[EndTime "10:39:57 PDT"]
[Termination "Anton_Demchenko won by checkmate"]

1. e4 c6 2. d4 d5 3. Nc3 dxe4 4. Nxe4 Bf5 5. Ng3 Bg6 6. N1e2 Nf6 7. c3 e6 8. h4 h6 9. Nf4 Bh7 10. Bd3 Bxd3 11.
Nxd3 Nbd7 12. Nh5 Nxh5 13. Qxh5 Nf6 14. Qf3 Bd6 15. Kf1 Qc7 16. a4 O-O 17. Bxh6 c5 18.
dxc5 Bxc5 19. Bf4 Bd6 20. Bxd6 Qxd6 21. h5 Rad8 22. Rh3 e5 23. Qg3 e4 24. Nf4 e3 25.
fxe3 Ne4 26. Qh4 Qd2 27. Kg1 Qxb2 28. Rf1 Qxc3 29. h6 g6 30. Nxg6 fxg6 31. Rxf8+ Rxf8 32. Qxe4 Qa1+ 33. Kh2 Qf6 34. Rg3 Kh7 35. Qxb7+ Rf7 36.
Qe4 Qd6 37. Qh4 Rf5 38. Qg4 Rh5+ 39. Kg1 Qd1+ 40. Kf2 Qd2+ 41. Qe2 Rf5+ 42. Rf3 Rxf3+ 43. gxf3 Qd6 44. f4 Qd5 45. Qb5 Qd2+ 46. Kf3 Qd1+ 47. Ke4 Kxh6 48. Qe5 Qb1+ 49. Kf3 Qd1+ 50. Kf2 Qc2+ 51.
Kf3 Qd1+ 52. Ke4 Qc2+ 53. Kd5 Qxa4 54. Qh8# 1-0

[Event "*** SCC Grand Prix: Titled Tuesday Blitz"]
[Site "Chess.com"]
[Date "2020.10.06"]
[Round "4"]
[White "Kaua18"]
[Black "norwaytoadog"]
[Result "0-1"]
[WhiteElo "2448"]
[BlackElo "2295"]
[TimeControl "180+1"]
[EndTime "10:39:57 PDT"]
[Termination "norwaytoadog won by checkmate"]

1. e4 c5 2. Nf3 d6 3. d4 cxd4 4.
Nxd4 Nf6 5. Nc3 a6 6. Be2 e5 7.
Nb3 Be7 8. O-O O-O 9. Bf3 Be6 10. Re1 b5 11. a4 b4 12. Nd5 Nxd5 13. exd5 Bf5 14.
c3 bxc3 15. bxc3 Nd7 16. a5 Bg6 17. Bh5 Bxh5 18. Qxh5 f5 19. Ba3 g6 20. Qe2 f4 21. f3 Nf6 22. c4 Rb8 23. Rab1 Qd7 24. c5 dxc5 25. Nxc5 Qa7 26. Rxb8 Bxc5+ 27. Bxc5 Qxc5+ 28. Kh1 Rxb8 29. Qxe5 Re8 30. Qa1 Rxe1+ 31. Qxe1 Qxd5 32.
h3 Kf7 33. Qb4 Nh5 34. Kh2 g5 35. Qb1 Kg7 36. Qb2+ Nf6 37. Qb6 Qb5 38. Qc7+ Qd7 39.
h4 g4 40. Qxf4 gxf3 41. Qg5+ Kf7 42. gxf3 Qd6+ 43. Kg2 Qe6 44. Qc5 h5 45. Qa7+ Kg6 46. Qa8 Qe2+ 47. Kg3 Qe1+ 48. Kf4 Qxh4+ 49. Ke5 Qg5+ 50.
Ke6 Qf5+ 51. Ke7 Qe5+ 52. Kf8 Qd6# 0-1

[Event "*** SCC Grand Prix: Titled Tuesday Blitz"]
[Site "Chess.com"]
[Date "2020.10.06"]
[Round "4"]
[White "SanchezKelvin"]
[Black "dretch"]
[Result "0-1"]
[WhiteElo "2380"]
[BlackElo "2845"]
[TimeControl "180+1"]
[EndTime "10:39:59 PDT"]
[Termination "dretch won on time"]

1. d4 d5 2. c4 c6 3. Nf3 Nf6 4.
Nc3 dxc4 5. a4 Bf5 6. Ne5 Nbd7 7.
Nxc4 Nb6 8. Ne5 a5 9. f3 Nfd7 10.
Nxd7 Nxd7 11. e4 Bg6 12. Be3 Qb6 13. Qd2 e5 14. d5 Bc5 15. dxc6 bxc6 16. Bxc5 Qxc5 17.
O-O-O Rd8 18. Qd6 f6 19. Qe6+ Qe7 20. Qxc6 O-O 21. Bc4+ Kh8 22. Qd6 Qe8 23. Bb5 Rf7 24. Rd3 f5 25. Rhd1 fxe4 26. fxe4 Bh5 27. R1d2 Bg4 28. h3 Be6 29. Kc2 h6 30. Qc7 Rc8 31. Qa7 Ra8 32. Bxd7 Bxd7 33. Rxd7 Rxa7 34. Rd8 Ra8 35.
Rxe8+ Rxe8 36. Nd5 Rc8+ 37. Kb3 Rb7+ 38. Ka3 Rd8 39. Rc2 Kh7 40. Rc5 Ra7 41. Rb5 Rc8 42.
Nc3 Re8 43. Rd5 Kg6 44. Rb5 Kg5 45. g3 Kh5 46. Nd5 Kg6 47. Nc3 Re6 48. Rd5 Kf7 49. Rb5 Ke8 50. Nd5 Kd8 51. Rb8+ Kd7 52. Rb5 Kd6 53. b3 Kd7 54. Nc3 Ke8 55. Nd5 Kf7 56. Rb8 Rc6 57. Rb5 Rc1 58. Ne3 Ra1+ 59. Kb2 Re1 60. Nc4 Re2+ 61. Ka3 Kg8 62. Rxe5 Rg2 63. g4 Rg3 0-1

[Event "*** SCC Grand Prix: Titled Tuesday Blitz"]
[Site "Chess.com"]
[Date "2020.10.06"]
[Round "4"]
[White "mishanick"]
[Black "vanea_03"]
[Result "0-1"]
[WhiteElo "2985"]
[BlackElo "2700"]
[TimeControl "180+1"]
[EndTime "10:40:04 PDT"]
[Termination "vanea_03 won by resignation"]

1. d4 d5 2. c4 dxc4 3. Nf3 a6 4. e3 Bg4 5. Bxc4 e6 6. O-O Nf6 7. h3 Bh5 8. Nc3 Nc6 9. Be2 Bd6 10. Nd2 Bxe2 11. Qxe2 O-O 12. Nf3 Qe8 13. e4 e5 14.
dxe5 Nxe5 15. Nd4 Ng6 16. Re1 Be5 17. Nf3 Rd8 18. Bg5 h6 19. Bd2 Qe6 20. Rad1 Bf4 21. Bxf4 Nxf4 22. Qe3 N6h5 23. Kh2 c6 24. Nd4 Qe5 25. g3 Ne6 26. Nf5 Nf6 27. f4 Qc7 28. e5 Nd7 29. Nd6 Nec5 30. b4 Ne6 31. f5 Ng5 32. h4 Nh7 33. e6 fxe6 34. fxe6 Ndf6 35. e7 Ng4+ 36. Kg1 Nxe3 37. exd8=Q Rxd8 38. Rxe3 Rxd6 39. Re8+ Kf7 40. Rde1 Rd7 41. R8e3 Nf6 42. Rf3 Kg8 43. Ne4 Nxe4 44. Rxe4 Re7 45. Ref4 Qe5 46. a3 Qe1+ 47. Kh2 Re2+ 48. Kh3 Qh1+ 49. Kg4 Re7 50.
Kh5 Kh7 51. Kg4 Qd1 52. Kh3 Re2 53. h5 Qh1+ 54. Kg4 Rh2 55. Rf5 Qd1 56. Rf8 Rf2 57. Rf7 Rxf3 58. Rxf3 Qd5 59. Rf5 Qe4+ 60. Rf4 Qe6+ 61. Kh4 b6 62. a4 c5 63. a5 bxa5 64.
bxc5 Qc6 65. Rf5 a4 66. g4 a3 67. g5 hxg5+ 68. Kxg5 a2 69. Rf1 Qxc5+ 70. Kg4 Qc3 0-1

[Event "*** SCC Grand Prix: Titled Tuesday Blitz"]
[Site "Chess.com"]
[Date "2020.10.06"]
[Round "4"]
[White "kot60"]
[Black "Bigfish1995"]
[Result "0-1"]
[WhiteElo "2437"]
[BlackElo "3101"]
[TimeControl "180+1"]
[EndTime "10:40:06 PDT"]
[Termination "Bigfish1995 won by resignation"]

1. e4 c6 2. d4 d5 3. f3 Qb6 4. c3 dxe4 5. fxe4 c5 6. Nf3 Nf6 7.
Bd3 cxd4 8. cxd4 Nc6 9. Bc2 Bg4 10. d5 Nb4 11. Ba4+ Kd8 12. Nc3 Rc8 13. Qe2 e5 14.
dxe6 fxe6 15. Be3 Bc5 16. Rd1+ Ke7 17. Bxc5+ Rxc5 18. Qf2 Bxf3 19. gxf3 Rd8 20. Rxd8 Kxd8 21. O-O Rg5+ 22. Kh1 Qxf2 23. Rxf2 a6 24. Rd2+ Ke7 25. a3 Nc6 26. Bxc6 bxc6 27. Ne2 c5 28. Nc3 Nd7 29. Na4 c4 30. Rc2 Ra5 31. Rxc4 Ne5 32. Rb4 Nxf3 33. Nc3 Rg5 34. Ne2 a5 35. Rb7+ Kd6 36.
Ng3 h5 37. Kg2 Ne5 38. h4 Rg4 39. Rb6+ Ke7 40. Rb7+ Kf6 41. Ra7 Nc4 42. Rc7 Nxb2 43. e5+ Kg6 44. Ra7 a4 45. Kh3 Nd3 46. Rxg7+ Kxg7 47.
Nxh5+ Kh6 48. Kxg4 Nxe5+ 49. Kf4 Nd3+ 50. Ke3 Nc5 51. Nf4 Kg7 52. Nd3 Nb3 53. Nc5 Nxc5 54. Kd4 Nb3+ 55. Kc3 e5 56. Kb4 e4 57. Kxa4 e3 58.
Kxb3 e2 59. Kc2 e1=Q 60. Kd3 Qa5 61. Kc4 Kh6 62. Kd4 Kh5 63. Ke4 Kxh4 64. Kd4 Kg5 65. Ke4 Kf6 66. Kd4 Ke6 67. Ke4 Kd6 68. Kd4 Qa4+ 69. Kd3 Kd5 0-1

[Event "*** SCC Grand Prix: Titled Tuesday Blitz"]
[Site "Chess.com"]
[Date "2020.10.06"]
[Round "4"]
[White "Balla_Tamas"]
[Black "underthebridge1999"]
[Result "1-0"]
[WhiteElo "2438"]
[BlackElo "2255"]
[TimeControl "180+1"]
[EndTime "10:40:08 PDT"]
[Termination "Balla_Tamas won on time"]

1. e4 c5 2. d3 Nc6 3. g3 g6 4. Bg2 Bg7 5. f4 e6 6. Nf3 Nge7 7. O-O d5 8. c3 O-O 9. Na3 Rb8 10. e5 b5 11. Be3 b4 12. cxb4 d4 13. Bf2 Nxb4 14.
Nc4 Ba6 15. a3 Nbd5 16. Rc1 Nf5 17. Qa4 Bxc4 18. Rxc4 Nb6 19. Qxa7 Nxc4 20. dxc4 Qc8 21. b4 cxb4 22. axb4 Qxc4 23. Nxd4 Nxd4 24. Bxd4 Rxb4 25. Bc5 Ra4 26. Qb6 Rc8 27. Bd6 Ra2 28. Qb7 Bf8 29.
Kh1 Qe2 30. Bxf8 Rxf8 31. h4 Rd2 32. Rg1 Rfd8 33. Kh2 Kg7 34. Qe7 Qf2 35. Qf6+ Kg8 36. h5 R2d3 37. Qg5 h6 38. Qg4 Kg7 39. hxg6 fxg6 40.
Rf1 Qb6 41. Be4 Rd2+ 42. Kh3 Qc7 43. Qxg6+ Kh8 44. Qxh6+ Kg8 45. Qxe6+ Kf8 46. Qh6+ Qg7 47. Qxg7+ Kxg7 48. Kg4 Rg8 49. f5 Rd4 50. Rf4 Kf8+ 51. Kf3 Ra4 52. g4 Ra3+ 53. Kf2 Rh8 54. Rf3 Rh2+ 55.
Kg3 Rha2 56. Rxa3 Rxa3+ 57. Kf4 Kf7 58. Bd5+ Ke7 59. f6+ Kf8 60. g5 Ra1 61. g6 Rf1+ 62. Kg5 Rg1+ 63. Kf5 1-0

[Event "*** SCC Grand Prix: Titled Tuesday Blitz"]
[Site "Chess.com"]
[Date "2020.10.06"]
[Round "4"]
[White "LubovMarkelova"]
[Black "Inga83"]
[Result "1-0"]
[WhiteElo "2233"]
[BlackElo "2405"]
[TimeControl "180+1"]
[EndTime "10:40:12 PDT"]
[Termination "LubovMarkelova won by checkmate"]

1. Nf3 d5 2. d4 Nf6 3. c4 c6 4. e3 Bg4 5. h3 Bxf3 6. Qxf3 e6 7. Nc3 Bb4 8. Bd3 Qa5 9. Bd2 dxc4 10.
Bxc4 Nd5 11. Ne4 f5 12. Bxd5 fxe4 13. Qh5+ Kf8 14. O-O Bxd2 15. f3 Bxe3+ 16. Kh1 Bxd4 17. fxe4+ Bf6 18. e5 Qxd5 19. Rad1 Nd7 20. Rxd5 cxd5 21. exf6 Nxf6 22. Qe5 Ke7 23. Qc7+ Nd7 24. Qxb7 a5 25. Re1 Kd6 26. Qb3 g6 27. Qg3+ e5 28. Qg5 Rhf8 29. Qe3 Ke6 30. Qh6 Rf7 31. Qe3 Rb8 32. b3 Rb7 33. Qc3 Kd6 34. Qxa5 Rb6 35. Qa7 Rc6 36. Qa4 Nc5 37. Qh4 Ne4 38. Qd8+ Rd7 39. Qb8+ Rcc7 40.
Qf8+ Re7 41. Qd8+ Ke6 42. Qg8+ Rf7 43. Qe8+ Kf6 44. Qd8+ Kg7 45. Qxd5 Ng3+ 46. Kh2 Nf1+ 47. Rxf1 Rxf1 48. Qxe5+ Kg8 49. Qxc7 Rf7 50. Qc8+ Kg7 51. Qe8 Rb7 52. Qe6 Ra7 53. b4 Rxa2 54. Qxa2 Kh6 55. Qc2 Kg7 56. b5 Kh6 57. b6 Kg7 58. b7 Kh6 59.
b8=Q Kg7 60. Qf4 h5 61. Qcc7+ Kg8 62. Qh6 h4 63. Qhg7# 1-0

[Event "*** SCC Grand Prix: Titled Tuesday Blitz"]
[Site "Chess.com"]
[Date "2020.10.06"]
[Round "4"]
[White "GregShahade"]
[Black "Onischuk_V"]
[Result "0-1"]
[WhiteElo "2648"]
[BlackElo "2867"]
[TimeControl "180+1"]
[EndTime "10:40:13 PDT"]
[Termination "Onischuk_V won by checkmate"]

1. e4 d6 2. d4 Nf6 3. Nc3 g6 4. Nf3 Bg7 5. Be2 O-O 6. O-O c6 7. a4 a5 8. Be3 Na6 9. Re1 Nb4 10.
h3 h6 11. Qd2 Kh7 12. Bf4 Qc7 13. Bf1 Nh5 14. Bh2 e5 15. dxe5 dxe5 16. Bc4 Rd8 17. Qe2 Qe7 18. Rad1 Be6 19. Nb1 Nf4 20. Bxf4 exf4 21. c3 Na6 22. Na3 Nc5 23. Qc2 Rxd1 24.
Rxd1 Bxc4 25. Nxc4 Nxe4 26. Nb6 Re8 27. Rd7 Qc5 28.
Rxb7 Nd6 29. Nd7 Qd5 30. Ra7 Nf5 31. Nb6 Qc5 32. Rb7 Nd6 33. Nd7 Qc4 34. Rc7 Re2 35.
Qd1 Ne4 36. Nde5 Nxf2 37. Nxc4 Nxd1 38. Rxf7 Nxb2 39. Nxb2 Rxb2 40. Nd4 Kg8 41. Rc7 Bxd4+ 42. cxd4 Rb4 43. Rxc6 Kg7 44. d5 Rxa4 45. Ra6 Ra2 46. Ra7+ Kf6 47. Ra6+ Kf5 48. Kf1 a4 49. Kg1 h5 50. h4 a3 51. Kf1 Ra1+ 52. Kf2 a2 53.
d6 Ke6 54. Ra8 f3 55. gxf3 Rh1 56. Kg2 a1=Q 57. Rxa1 Rxa1 58. Kg3 Kxd6 59. Kf4 Ra5 60. Kg3 Ke6 61. Kf2 Kf6 62. Kg2 Ra4 63. Kf2 Kf5 64. Kg2 Rxh4 65. Kg3 Ra4 66. Kh3 g5 67. Kg3 h4+ 68.
Kh3 Kf4 69. Kh2 Ra3 70. Kh3 Rxf3+ 71. Kh2 g4 72. Kh1 h3 73. Kh2 Rf2+ 74. Kh1 Kg3 75.
Kg1 Rf3 76. Kh1 Rf1# 0-1

[Event "*** SCC Grand Prix: Titled Tuesday Blitz"]
[Site "Chess.com"]
[Date "2020.10.06"]
[Round "4"]
[White "AndreyNeves"]
[Black "awesomevishesh"]
[Result "1/2-1/2"]
[WhiteElo "2216"]
[BlackElo "2412"]
[TimeControl "180+1"]
[EndTime "10:40:15 PDT"]
[Termination "Game drawn - insufficient material"]

1. d4 Nf6 2. c4 g6 3. g3 Bg7 4. Bg2 O-O 5. Nf3 d6 6. O-O c6 7. Nc3 Bf5 8. Nh4 Be6 9. b3 d5 10. c5 b6 11. Ba3 bxc5 12. Bxc5 Nbd7 13. Ba3 Qa5 14. Bb2 Rfd8 15. Na4 c5 16. dxc5 Nxc5 17.
Nxc5 Qxc5 18. Bd4 Qa5 19. Qe1 Qa3 20. Qc1 Qd6 21. Qb2 Bg4 22. h3 Bd7 23. Nf3 Ne8 24. Rac1 a5 25. Rfd1 a4 26. b4 a3 27. Qd2 e5 28.
Bc5 Qf6 29. Qg5 Qxg5 30. Nxg5 h6 31. Nxf7 Kxf7 32. Bxd5+ Be6 33. Bxa8 Rxa8 34. Rd2 e4 35. b5 Bb2 36. Rb1 Bxa2 37. Rbxb2 axb2 38. Rxb2 Bd5 39. b6 Rb8 40. Rd2 Ke6 41. Rb2 Nf6 42. Bd4 Nd7 43.
f4 exf3 44. exf3 Bxf3 45. Kf2 Bd5 46. Ke3 Kd6 47. g4 Re8+ 48. Kd2 Nb8 49. Be3 Nc6 50.
Bxh6 Kd7 51. Bf4 Nd4 52. b7 Nb3+ 53. Rxb3 Bxb3 54. b8=Q Rxb8 55. Bxb8 Bd5 56. Ke3 Ke6 57. Kf4 Kf7 58. h4 Kg7 59. Be5+ Kh7 60. Kg5 Bf3 61.
h5 gxh5 62. gxh5 Bxh5 1/2-1/2

[Event "*** SCC Grand Prix: Titled Tuesday Blitz"]
[Site "Chess.com"]
[Date "2020.10.06"]
[Round "4"]
[White "Hikaru"]
[Black "HrvojeZagreb"]
[Result "1/2-1/2"]
[WhiteElo "3197"]
[BlackElo "2140"]
[TimeControl "180+1"]
[EndTime "10:40:16 PDT"]
[Termination "Game drawn by repetition"]

1. Nf3 f5 2. d3 d6 3. e4 Nf6 4. exf5 Bxf5 5. d4 g6 6. Bd3 Bxd3 7.
Qxd3 Bg7 8. O-O O-O 9. Ng5 Qd7 10.
Qb3+ d5 11. Qxb7 Nc6 12. c3 e5 13. Qb5 exd4 14. cxd4 Nxd4 15. Qxd7 Nxd7 16. Nc3 h6 17. Nh3 c6 18. Nf4 g5 19. Nd3 Rae8 20. Bd2 Ne2+ 21.
Kh1 Nxc3 22. Bxc3 Bxc3 23. bxc3 Re2 24. f3 Re3 25. Rad1 Nb6 26. Rfe1 Rfe8 27. Kg1 Nc4 28. Kf2 Rxe1 29. Rxe1 Rxe1 30. Kxe1 Kf7 31. f4 Ke6 32. fxg5 hxg5 33. Ke2 Kf5 34. h3 Ke4 35. g3 Nd6 36.
Nf2+ Kf5 37. Kd3 c5 38. h4 gxh4 39. gxh4 Nc4 40. Nd1 Kg4 41. Ke2 Kxh4 42. Kf3 Kg5 43. Nf2 Kf5 44. Ke2 Ke5 45. Kd3 Kd6 46. Nh3 Ne5+ 47.
Ke3 Nc4+ 48. Kd3 Ne5+ 49. Kc2 d4 50. Nf4 Kc6 51. Kb3 Kb5 52. a4+ Ka5 53. Ne6 d3 54. Nxc5 d2 55. Kc2 Nc4 56. Kd1 Nb2+ 57. Kxd2 Nxa4 58.
Nb3+ Kb6 59. c4 Nc5 60. Nc1 Ne4+ 61. Kd3 Nd6 62. Kd4 Nxc4 63. Kxc4 Kc6 64. Kb4 a5+ 65. Ka4 Kc5 66. Nb3+ Kc4 67. Nd2+ Kc3 68. Nf1 Kd4 69. Ng3 Kd3 70. Nh5 Ke4 71. Ng7 Ke5 72.
Nh5 Kf5 73. Ng3+ Ke5 74. Nf1 Kf5 75. Ne3+ Ke5 76. Nd1 Kf5 77. Nf2 Ke5 78. Nh1 Kf5 79.
Ng3+ Ke5 80. Nf1 Kf5 81. Nh2 Ke5 82. Ng4+ Kf5 83. Nf2 Ke5 84. Nd1 Kf5 85. Nc3 Ke5 86. Nb5 Kf5 87. Na7 Ke5 88. Nc8 Kf5 89. Ne7+ Ke5 90.
Ng8 Kf4 91. Nh6 Ke5 92. Ng4+ Kf4 93. Nh2 Ke5 94. Nf1 1/2-1/2

[Event "*** SCC Grand Prix: Titled Tuesday Blitz"]
[Site "Chess.com"]
[Date "2020.10.06"]
[Round "4"]
[White "Sibelephant"]
[Black "alexrustemov"]
[Result "1/2-1/2"]
[WhiteElo "3091"]
[BlackElo "2744"]
[TimeControl "180+1"]
[EndTime "10:40:20 PDT"]
[Termination "Game drawn by repetition"]

1. Nf3 Nf6 2. b3 d5 3. Bb2 Bf5 4. e3 e6 5. d3 h6 6. Nbd2 Be7 7. h3 c5 8. Ne5 Bh7 9. Qe2 a5 10. a4 Nc6 11. Nxc6 bxc6 12. g3 O-O 13.
Bg2 Nd7 14. O-O Bf6 15. Bxf6 Nxf6 16. e4 Qb6 17. Kh2 Rfd8 18. Rfe1 Qb4 19. Rac1 Qc3 20. Qe3 Rd7 21. Nf3 dxe4 22. dxe4 Qxe3 23. Rxe3 Bxe4 24. Ne5 Rd5 25. Bxe4 Rxe5 26. Bh7+ Kxh7 27. Rxe5 Nd7 28. Re4 Kg8 29. Rd1 Ra7 30. Kg2 Kf8 31. f4 Ke7 32. Kf3 h5 33. g4 hxg4+ 34. hxg4 g6 35. Rh1 Nb6 36. Rh8 Kd6 37. Rd8+ Ke7 38. Rb8 Nd7 39. Rc8 Kd6 40. Re2 c4 41. Re3 Kc5 42.
Re4 Nb6 43. Re5+ Kd6 44. Rd8+ Ke7 45. Rh8 cxb3 46. cxb3 Nd5 47. Rh2 Rb7 48. Rb2 Kd6 49. Re4 f5 50. gxf5 gxf5 51. Rd4 Rh7 52. Kg3 Rg7+ 53.
Kf3 Rh7 54. Rc4 Rh3+ 55. Kg2 Rh4 56. Kg3 Rg4+ 57. Kf3 Rh4 58. Rbc2 Nb4 59. R2c3 Rh3+ 60. Kf2 Rh1 61. Kg2 Rd1 62. Rc5 Nd5 63. Rxc6+ Kd7 64. R3c4 Ne3+ 65. Kf2 Nxc4 66. Rxc4 Rb1 67. Rc5 Rxb3 68.
Rxa5 Ra3 69. Ra6 Ke7 70. a5 Kf6 71. Ra8 Ra4 72. Kg3 Ra3+ 73. Kf2 Ra4 74. Kf3 Ra3+ 75.
Kf2 1/2-1/2

[Event "*** SCC Grand Prix: Titled Tuesday Blitz"]
[Site "Chess.com"]
[Date "2020.10.06"]
[Round "4"]
[White "Kira170"]
[Black "rpragchess"]
[Result "1-0"]
[WhiteElo "2797"]
[BlackElo "2919"]
[TimeControl "180+1"]
[EndTime "10:40:21 PDT"]
[Termination "Kira170 won by checkmate"]

1. d4 Nf6 2. Nc3 d5 3. Bf4 e6 4.
e3 Bb4 5. Ne2 O-O 6. a3 Bd6 7.
g4 Nxg4 8. Rg1 e5 9. dxe5 Nxe5 10. Qxd5 Nbc6 11. O-O-O Be6 12. Qg2 Ng6 13. Bxd6 cxd6 14.
Nf4 Qf6 15. Nfd5 Qh4 16. f4 Rac8 17. Bd3 f5 18. Qf3 Nce7 19. Rg5 Nxd5 20. Nxd5 Rf7 21. h3 Rc5 22. Nc3 Ne5 23. Qg2 Nxd3+ 24. cxd3 Qh6 25. Rg1 Qf6 26. d4 Rc8 27. Kb1 Bb3 28. h4 Rfc7 29. h5 Kh8 30. h6 g6 31. Qd2 d5 32. Rc1 Kg8 33. Rgg1 Qe6 34. Ne2 Rc2 35. Qd3 Qe4 36. Qxe4 fxe4 37. Nc3 Rf2 38. Rgf1 Rg2 39. Rg1 Rh2 40. Rh1 Rxh1 41. Rxh1 Rf8 42. Kc1 Rf5 43. Kd2 g5 44. Rg1 Kf7 45. fxg5 Kg6 46. Ne2 Rf2 47. Ke1 Rh2 48. Nf4+ Kf5 49. g6 hxg6 50. Rxg6 Rxb2 51. h7 Rh2 52. Rg7 Kf6 53. Rxb7 Bc4 54. Rxa7 Kg5 55.
a4 Kg4 56. Ng6 Kf3 57. h8=Q Re2+ 58. Kd1 Kxe3 59. Qh6+ Kxd4 60. Qg7+ Ke3 61. Qc3+ Bd3 62. Qc5+ Kf3 63. Rf7+ Kg4 64. Qg1+ Kh5 65. Rh7# 1-0

[Event "*** SCC Grand Prix: Titled Tuesday Blitz"]
[Site "Chess.com"]
[Date "2020.10.06"]
[Round "4"]
[White "parnali1611"]
[Black "Mr_Sinigami"]
[Result "1-0"]
[WhiteElo "2140"]
[BlackElo "2487"]
[TimeControl "180+1"]
[EndTime "10:40:22 PDT"]
[Termination "parnali1611 won on time"]

1. d4 Nf6 2. c4 c5 3. d5 b5 4.
cxb5 a6 5. b6 Qxb6 6. Nc3 d6 7.
Nf3 g6 8. e4 Nbd7 9. Be2 Bg7 10. O-O O-O 11. Nd2 a5 12. Nc4 Qb8 13. Qc2 Nb6 14. Ne3 Ne8 15. b3 a4 16. Rb1 axb3 17. Qxb3 Nd7 18. Qc2 Qa7 19. Bb2 Nc7 20. Nb5 Nxb5 21.
Bxg7 Kxg7 22. Bxb5 Ba6 23. a4 Bxb5 24. axb5 Qa4 25. Qc3+ Qd4 26. Qxd4+ cxd4 27. Nc2 d3 28.
Nb4 Nc5 29. Rfd1 Nxe4 30. Rxd3 Rfb8 31. Nc6 Rb7 32. Re3 Rxb5 33. Rd1 Nf6 34. Rxe7 Rxd5 35. Rde1 Rc8 36. Nb4 Rd2 37. h3 Rcc2 38. Nxc2 Rxc2 39. Ra7 Nd5 40. Rd1 Nc3 41. Rxd6 Ne2+ 42. Kh2 Nf4 43. Rdd7 Rxf2 44. Rxf7+ Kh6 45. Rxh7+ Kg5 46. Kg3 Rxg2+ 47. Kf3 Rd2 48. h4+ Kf5 49. Rhf7+ Ke5 50. Rxf4 Rd3+ 51. Kg4 Rd1 52. Ra5+ Ke6 53. Re4+ Kd6 54. Ree5 Rg1+ 55. Kf4 Rg2 56. Rg5 Rf2+ 57. Kg3 Rf1 58. Rxg6+ Ke7 59. Ra7+ Kf8 60. Rg4 Rg1+ 61. Kf3 Rf1+ 62.
Ke2 Ra1 63. Rxa1 1-0

[Event "*** SCC Grand Prix: Titled Tuesday Blitz"]
[Site "Chess.com"]
[Date "2020.10.06"]
[Round "4"]
[White "AnonymusDonkey"]
[Black "Morshynska"]
[Result "0-1"]
[WhiteElo "2400"]
[BlackElo "2219"]
[TimeControl "180+1"]
[EndTime "10:40:22 PDT"]
[Termination "Morshynska won on time"]

1. e4 e5 2. Nf3 Nc6 3. Bc4 Nf6 4.
d3 Be7 5. O-O O-O 6. Re1 d6 7.
a4 Kh8 8. h3 Ng8 9. Nc3 f5 10.
Nd5 f4 11. d4 Bf6 12. c3 Bd7 13. b4 Nce7 14. Nxf6 gxf6 15. b5 Qe8 16. Kh2 Rd8 17. a5 Bxb5 18. Be6 Ng6 19. d5 Bd7 20. Bxd7 Qxd7 21.
Rb1 b6 22. c4 h6 23. Qb3 f5 24. Qd3 fxe4 25. Qxe4 Qf5 26. Qxf5 Rxf5 27. Nd2 Rff8 28. f3 Nf6 29. Ba3 Kg7 30. Bb4 Rb8 31. Bc3 Kf7 32. Rb3 Ne7 33. axb6 axb6 34. Ra3 Ra8 35. Rea1 Rxa3 36. Rxa3 Rc8 37. Ra7 b5 38. Ba5 bxc4 39. Nxc4 Kg6 40. Rxc7 Rxc7 41. Bxc7 Nexd5 42. Bxd6 Nd7 43. Nxe5+ Nxe5 44. Bxe5 Kf5 45. Bg7 h5 46. Bf8 Ne3 47. Bd6 Nc2 48. Kg1 Nd4 49. Kf2 Nb5 50. Bb8 Nd4 51. Ke1 Kg5 52. Kd2 Nf5 53. Kd3 Nh4 54. Ke4 Nxg2 55. Kd4 Kh4 56.
Ke4 Kg3 57. h4 Kxh4 58. Bxf4 Kh3 59. Be5 h4 60. Bd6 Ne1 61. f4 Kg4 62. f5 Nf3 63. Be7 h3 64. Bd6 Ng5+ 0-1

[Event "*** SCC Grand Prix: Titled Tuesday Blitz"]
[Site "Chess.com"]
[Date "2020.10.06"]
[Round "4"]
[White "penguingm1"]
[Black "chessfrendz"]
[Result "1-0"]
[WhiteElo "2842"]
[BlackElo "2378"]
[TimeControl "180+1"]
[EndTime "10:40:23 PDT"]
[Termination "penguingm1 won on time"]

1. d4 d5 2. Bf4 Nf6 3. e3 e6 4. Nf3 Bd6 5. Nbd2 O-O 6. Bd3 Bxf4 7. exf4 Nc6 8. c3 Ne7 9. O-O c5 10. dxc5 Qc7 11. g3 Qxc5 12. Nb3 Qc7 13. Qe2 Rd8 14. Rad1 Bd7 15. Rfe1 Ba4 16. Rd2 Bxb3 17. axb3 Nc6 18.
Bc2 h6 19. Kg2 Qb6 20. Red1 Rac8 21. Ne5 d4 22. Nxc6 Qxc6+ 23. Qf3 Qxf3+ 24. Kxf3 Rd5 25. Rxd4 Rxd4 26. Rxd4 Kf8 27. Be4 b6 28. b4 Ke7 29.
Bb7 Rd8 30. Rxd8 Kxd8 31. Ke3 Kc7 32. Bf3 Kd6 33. Kd4 Ne8 34. c4 Nc7 35. c5+ Ke7 36.
Bc6 f6 37. Kc4 Kf7 38. Be4 Ke7 39. f5 e5 40. Bb7 Kd7 41. Kd3 Ke7 42. Ke4 Kd7 43. f4 exf4 44. Kxf4 Ke7 45. Kg4 Kf7 46. Kh5 Kf8 47. Kg6 Kg8 48. h4 Kf8 49. Kh7 Kf7 50.
Bc8 Kf8 51. Be6 Na6 52. c6 Nc7 53. Bc4 Ne8 54. g4 Nc7 55. Be6 Nb5 56. Kg6 Nc7 57.
g5 hxg5 58. hxg5 fxg5 59. Kxg5 Ke7 60. Kg6 Kf8 61. Bc4 Ne8 62. Bf7 Nc7 63. f6 gxf6 64. Kxf6 Na6 65. Ke6 Nc7+ 66. Kd7 Nb5 67. Bc4 Nd4 68.
c7 1-0